Map: Acolyte LE

Players

ARTANIS - Winner!

  • Race: Terran Terran
  • League: Platinum
  • Spawn Location: 1:00

Juxtapose

  • Race: Terran Terran
  • League: Gold
  • Spawn Location: 7:00

VOD

https://youtu.be/yLrruUb2tp8

Description

I was very impressed with my opponent and his rush, which reminded me very much of a classic Starcraft: Brood War style rush.

Time

  • Played on: Aug. 27, 2017, 1:46 p.m.
  • Length: 8:56
Show
View Real Time Build Order
Export as new Build Order

ARTANIS Terran - Winner!

Build Orders:  

Get SALT Encoding   

  12  0:01  SCV  
  13  0:13  SCV  
  14  0:26  SCV  
  15  0:28  Supply Depot  
  15  0:44  Refinery  
  15  0:50  SCV  
  15  0:51  Barracks  
  16  0:59  Refinery  
  16  1:02  SCV  
  17  1:14  SCV  
  18  1:26  SCV  
  19  1:39  Barracks  
  19  1:57  Orbital Command  
  19  2:00  Marine  
  20  2:20  Reaper  
  21  2:36  Command Center, Barracks Reactor  
  21  2:39  SCV  
  22  2:51  SCV  
  23  3:04  Supply Depot  
  23  3:08  Supply Depot  
  23  3:10  Supply Depot  
  23  3:25  Reaper, SCV, Marine x2  
  27  3:37  SCV  
  28  3:49  SCV  
  28  3:52  Orbital Command  
  29  4:01  SCV  
  29  4:02  Marine x2  
  32  4:03  Marine  
  32  4:08  Factory  
  33  4:13  SCV  
  34  4:20  Marine x2  
  34  4:22  SCV  
  37  4:26  SCV  
  38  4:32  Marine  
  38  4:34  SCV  
  38  4:37  Marine  
  38  4:38  SCV  
  42  4:50  SCV x2, Refinery  
  44  4:55  Marine  
  45  5:02  SCV  
  45  5:06  SCV  
  47  5:07  Factory Tech Lab  
  47  5:10  Barracks Tech Lab  
  47  5:14  SCV  
  47  5:16  Engineering Bay  
  47  5:17  Starport  
  47  5:19  Engineering Bay  
  48  5:47  Marine x2  
  50  5:51  Cyclone  
  50  5:53  Starport Tech Lab  
  52  6:00  Marauder  
  54  6:04  SCV  
  54  6:05  Marine  
  56  6:24  Cyclone  
  58  6:50  Marine x2  
  58  6:51  Marauder  
  58  6:54  Medivac  
  58  6:56  Cyclone  
  62  7:01  SCV x2  
  58  7:12  Marine x2  
  58  7:13  Marauder  
  62  7:17  Refinery  
  62  7:36  Supply Depot  
  62  7:37  Supply Depot x2  
  62  7:49  Command Center  
  62  7:57  Marine x3  
  62  7:58  SCV x2, Starport Reactor  
  67  8:10  SCV x2  
  69  8:15  Marine x2  
  69  8:16  Marauder  
  73  8:22  SCV  
Show
View Real Time Build Order
Export as new Build Order

Juxtapose Terran 

Build Orders:  

Get SALT Encoding   

  12  0:01  SCV  
  13  0:17  SCV  
  14  0:21  Supply Depot  
  14  0:29  SCV  
  15  0:43  SCV  
  16  0:53  Barracks  
  16  0:55  SCV  
  17  1:03  Refinery  
  17  1:05  Supply Depot  
  17  1:07  SCV  
  18  1:19  SCV  
  18  1:20  Refinery  
  19  1:31  SCV  
  20  1:45  Orbital Command  
  20  1:52  Marine  
  21  2:21  SCV  
  21  2:22  Barracks Reactor  
  22  2:32  Command Center  
  22  2:33  SCV  
  23  2:38  Barracks  
  23  2:46  Supply Depot  
  23  2:59  Engineering Bay  
  23  3:01  SCV  
  24  3:11  Marine  
  25  3:13  SCV  
  25  3:16  Supply Depot  
  26  3:25  SCV  
  27  3:28  Missile Turret  
  27  3:37  SCV  
  28  3:43  Supply Depot  
  28  3:51  Orbital Command  
  28  3:54  Missile Turret  
  28  3:57  Barracks Tech Lab  
  28  4:02  Terran Infantry Weapons Level 1  
  28  4:12  Factory  
  28  4:19  SCV  
  29  4:26  SCV  
  29  4:31  SCV  
  31  4:32  Marine x2  
  33  4:38  SCV  
  33  4:43  SCV  
  35  4:50  SCV  
  36  4:57  Factory Reactor  
  36  5:03  Starport  
  36  5:06  SCV x2  
  38  5:10  Refinery  
  38  5:13  Refinery  
  38  5:18  SCV  
  38  5:19  SCV  
  40  5:22  Barracks  
  40  5:24  Marine x2  
  41  5:29  Marine  
  41  5:30  SCV  
  41  5:31  SCV  
  41  5:33  Widow Mine  
  47  5:42  Marine  
  46  5:43  SCV  
  46  5:44  Widow Mine  
  46  5:47  Marine  
  46  5:52  Medivac  
  46  6:00  Marine  
  46  6:05  Marine  
  46  6:18  Marine  
  47  6:22  Marine, Medivac  
  46  6:35  Marine  
  44  6:40  Marine  
  39  6:53  Marine  
  28  6:56  SCV  
  28  6:57  SCV  
  28  6:58  Marine  
  28  7:09  SCV  
  30  7:21  SCV, Supply Depot  
  30  7:22  Barracks Reactor  
  30  7:23  Starport Reactor  
  30  7:33  SCV  
  31  7:37  Factory  
  31  7:45  SCV  
  32  7:52  SCV  
  32  7:57  SCV  
  34  8:05  SCV  
  35  8:09  SCV  
  35  8:11  Marine x3  
  39  8:18  Medivac x2  
Tags
 
Matchup
TvT
Race
Terran
Spawn Locations
Cross Positions
Add a new tag
Caveats
  • Supply blocks, unpowered buildings, or Contaminate may cause inaccurate times.
  • Supply counts are checked every 10 seconds.